 Dungeon Crawl Stone Soup version 0.17-a0-2073-gde5cdba (webtiles) character file.

275 derrpe the Ogre Mage (level 6, -3/55 HPs)
             Began as an Ogre Wizard on Oct 15, 2015.
             Slain by a big kobold
             ... wielding a +0 whip
              (5 damage)
             ... in a sewer.
             The game lasted 00:07:56 (4908 turns).

derrpe the Ogre Mage (Ogre Wizard)                  Turns: 4908, Time: 00:07:56

Health: -3/55      AC:  3    Str: 13    XL:     6   Next: 24%
Magic:  0/13       EV:  9    Int: 19    God:
Gold:   165        SH:  0    Dex:  8    Spells: 5 memorised, 3 levels left

rFire  + . .     SeeInvis .     a - +3 greatsling (flame)
rCold  + . .     Clarity  .     I - +0 robe
rNeg   . . .     SustAt   .     (no shield)
rPois  +         Gourm    +     b - +0 hat
rElec  +         Spirit   .     (no cloak)
rCorr  +         Warding  .     (gloves unavailable)
rMut   .         Stasis   .     (boots unavailable)
MR     .....                    v - amulet of the gourmand
Stlth  ++........               m - ring of stealth
                                (no ring)

@: resistant, very slightly contaminated, not resistant to hostile enchantments,
unstealthy
A: unfitting armour, tough skin 1
a: no special abilities


You were in a sewer.
You were very full.

You visited 1 branch of the dungeon, and saw 4 of its levels.
You also visited: Sewer.

You collected 165 gold pieces.

Inventory:

Hand Weapons
 a - a +3 greatsling of flaming (weapon)
 u - a +0 mace
Missiles
 i - 34 bolts
 r - 13 sling bullets of flame
 t - 72 stones
 w - 43 poisoned needles
 y - 41 arrows
 C - 18 sling bullets (quivered)
Armour
 b - a +0 hat (worn)
 I - a +0 robe (worn)
Jewellery
 e - an uncursed ring of protection from magic
 f - an uncursed ring of protection from cold {unknown}
 m - a ring of stealth (right hand)
 v - an amulet of the gourmand (around neck)
Scrolls
 h - 3 scrolls of identify
 j - 4 scrolls of teleportation
 n - 2 scrolls of remove curse
Potions
 k - 3 potions of flight
 l - 2 potions of haste
 q - a potion of might {unknown}
 x - a potion of mutation {unknown}
 z - a potion of heal wounds {unknown}
 A - a potion of poison {unknown}
 B - a potion of magic {unknown}
Books
 c - a book of Minor Magic

   Spells                             Type                      Level
   a - Magic Dart                     Conjuration                  1
   b - Blink                          Translocation                2
   c - Call Imp                       Summoning                    2
   d - Repel Missiles                 Charms/Air                   2
   e - Slow                           Hexes                        2
   f - Conjure Flame                  Conjuration/Fire             3
   g - Mephitic Cloud                 Conjuration/Poison/Air       3
Comestibles
 d - a bread ration {@e1}
 p - 2 beef jerkies
 s - a meat ration {@e2}
 E - a slice of pizza


   Skills:
 + Level 1.3 Fighting
 - Level 0.3 Maces & Flails
 - Level 1.7 Dodging
 - Level 1.5 Stealth
 + Level 4.7 Spellcasting
 * Level 2.7 Conjurations
   Level 0.6 Summonings
 - Level 0.6 Translocations
 * Level 1.5 Air Magic
 * Level 1.7 Poison Magic


You had 3 spell levels left.
You knew the following spells:

 Your Spells              Type           Power        Failure   Level  Hunger
a - Magic Dart            Conj           ##..         6%          1    None
b - Blink                 Tloc           N/A          17%         2    #......
c - Repel Missiles        Chrm/Air       #.....       17%         2    #......
d - Mephitic Cloud        Conj/Pois/Air  ##......     17%         3    ##.....
e - Conjure Flame         Conj/Fire      #.......     21%         3    ##.....


Dungeon Overview and Level Annotations

Branches:
Dungeon (4/15)
 Temple: D:4-7

Altars:


Innate Abilities, Weirdness & Mutations

You are too large for most types of armour.
You have tough skin (AC +1).


Message History

The sling bullet barely misses the big kobold.
The big kobold completely misses you.
Casting: Magic Dart
Confirm with . or Enter, or press ? or * to list all spells.
Aiming: Magic Dart
Press: ? - help, Shift-Dir - straight line, f/p - big kobold
Aim: a big kobold, wielding a whip (almost dead)
The magic dart hits the big kobold.
The big kobold is almost dead.
The big kobold hits you with a whip.
* * * LOW HITPOINT WARNING * * *
Firing (i - inventory. (,) - cycle):
C - 19 sling bullets (quivered)
Press: ? - help, Shift-Dir - straight line, f/p - big kobold
Aim: a big kobold, wielding a whip (almost dead)
You shoot a sling bullet.
The sling bullet barely misses the big kobold.
The big kobold hits you with a whip.
* * * LOW HITPOINT WARNING * * *
The big kobold hits you with a whip.
You die...

.≈ .. #≈# #≈# ##≈#
#≈# ≈≈# #≈# #≈# #≈# #
##≈## ##≈## ##
##.≈.## ##...##
.#####..≈..####.@.≈≈#
≈≈≈≈≈≈≈....≈≈≈≈.≈K..#
.#####..≈..####...(≈#
## ##...## ##%..## #
##≈## ##(## #≈# #(#
#≈# #.# # ##≈## #(#
## ##≈..## ..#


You could see a big kobold.

Vanquished Creatures
  A big kobold (Sewer)
  6 gnolls
  5 adders
  A river rat (Sewer)
  A shadow imp (D:4)
  3 oozes
  4 worms
  An orc (D:4)
  4 giant cockroaches
  12 goblins
  6 hobgoblins
  5 ball pythons
  5 bats
  3 giant geckos
  4 giant newts
  4 jackals (D:1)
  6 kobolds
  5 rats
76 creatures vanquished.

Notes
Turn   | Place    | Note
--------------------------------------------------------------
     0 | D:1      | derrpe the Ogre Wizard began the quest for the Orb.
     0 | D:1      | Reached XP level 1. HP: 16/16 MP: 5/5
   220 | D:1      | Reached skill level 1 in Conjurations
   220 | D:1      | Reached XP level 2. HP: 21/24 MP: 1/6
   818 | D:1      | Reached skill level 4 in Spellcasting
   909 | D:1      | Reached XP level 3. HP: 18/31 MP: 1/8
   972 | D:1      | Learned a level 2 spell: Blink
   975 | D:1      | Learned a level 2 spell: Repel Missiles
   979 | D:1      | Learned a level 3 spell: Mephitic Cloud
  1730 | D:2      | Reached XP level 4. HP: 36/39 MP: 3/10
  2224 | D:2      | Reached skill level 1 in Poison Magic
  2570 | D:2      | Reached XP level 5. HP: 46/46 MP: 9/11
  2799 | D:3      | Learned a level 3 spell: Conjure Flame
  2977 | D:3      | Reached skill level 1 in Air Magic
  4039 | D:4      | Noticed an ogre
  4143 | D:4      | Found a glowing drain.
  4147 | Sewer    | Entered a sewer
  4154 | Sewer    | Reached skill level 1 in Fighting
  4876 | Sewer    | Reached XP level 6. HP: 22/55 MP: 4/13
  4908 | Sewer    | HP: 2/55 [big kobold/whip (6)]
  4908 | Sewer    | Slain by a big kobold

Vault maps used:
D:1:      mrwooster_arrival_statue_2, minivault_5, roderic_cross_of_infinity,
          eino_curves_01, grunt_decor_resistance, kennysheep_small_spiral
D:2:      hangedman_abyss_or_decor_lesser_grid
D:3:      minmay_misc_feat_plants
D:4:      first_bread, gup_sewer_entry_bowl
Sewer:    sewer_co_15_rooms

Action                   |  1- 3 |  4- 6 || total
-------------------------+-------+-------++-------
Melee: Spear             |    57 |       ||    57
       Trident           |       |    25 ||    25
 Fire: Greatsling        |       |    38 ||    38
Throw: Stone             |       |    14 ||    14
 Cast: Magic Dart        |    58 |   147 ||   205
       Mephitic Cloud    |     1 |       ||     1
  Use: Potion            |     1 |     5 ||     6
       Scroll            |       |     9 ||     9
 Stab: Sleeping          |     1 |       ||     1
       Distracted        |     1 |       ||     1
       Confused          |     1 |       ||     1
  Eat: Chunk             |     9 |    13 ||    22
